Map: King's Cove LE

Players

llllllllllll (Stats)

  • Race: Protoss Protoss
  • League: Grandmaster
  • Spawn Location: 11:00

soO - Winner!

  • Race: Zerg Zerg
  • Spawn Location: 5:00

Event: HomeStory Cup XIX

VOD

Have the link to the VOD?

Description

Time

  • Played on: June 30, 2019, 9:01 a.m.
  • Length: 8:00

All games in this series

Show
View Real Time Build Order
Export as new Build Order

llllllllllll Protoss 

Build Orders: 1 Gate Expand, Oracle Opening, Phoenix Opening 

Get SALT Encoding   

  12  0:00  Probe  
  13  0:12  Probe  
  14  0:19  Pylon  
  14  0:25  Probe  
  15  0:33  Probe  
  15  0:41  Probe  
  16  0:43  Gateway  
  16  0:47  Assimilator  
  17  0:51  Probe  
  18  1:03  Probe  
  19  1:15  Probe  
  20  1:24  Nexus  
  20  1:35  Cybernetics Core  
  20  1:37  Probe  
  21  1:44  Assimilator  
  21  1:49  Probe  
  22  1:55  Pylon  
  22  2:01  Probe  
  22  2:03  Adept  
  23  2:14  Probe  
  26  2:19  Stargate  
  26  2:26  Probe  
  26  2:28  Warp Gate  
  27  2:33  Adept, Probe  
  27  2:34  Probe  
  29  2:41  Probe  
  29  2:42  Probe  
  33  2:51  Probe  
  33  2:52  Probe  
  35  2:58  Phoenix  
  35  3:03  Probe  
  35  3:04  Probe  
  39  3:14  Pylon  
  39  3:15  Probe  
  39  3:16  Probe  
  39  3:17  Oracle  
  41  3:25  Gateway  
  44  3:28  Probe  
  44  3:29  Probe  
  46  3:36  Assimilator  
  46  3:38  Assimilator  
  46  3:40  Probe  
  47  3:42  Probe  
  47  3:44  Oracle  
  47  3:45  Pylon  
  48  3:52  Probe  
  48  3:54  Probe  
  53  4:04  Probe, Robotics Facility  
  53  4:06  Probe  
  53  4:09  Pylon  
  55  4:18  Adept  
  55  4:20  Probe x2  
  55  4:22  Oracle  
  59  4:24  Adept  
  64  4:48  Immortal  
  62  4:54  Probe x2  
  66  5:03  Nexus  
  66  5:06  Sentry, Pylon  
  66  5:07  Sentry  
  67  5:09  Pylon  
  67  5:14  Probe x2  
  67  5:15  Gateway  
  67  5:18  Gateway  
  69  5:23  Observer  
  69  5:26  Probe x2  
  72  5:30  Sentry x2  
  72  5:35  Shield Battery  
  76  5:36  Warp Prism  
  76  5:38  Probe x2  
  78  5:50  Probe  
  78  5:51  Probe  
  78  5:55  Adept x2  
  76  6:03  Probe x2  
  77  6:08  Forge  
  77  6:10  Twilight Council  
  77  6:15  Probe x2, Immortal  
  77  6:17  Sentry x4  
  91  6:20  Probe  
  92  6:27  Probe x2  
  92  6:32  Probe  
  95  6:39  Probe x2  
  94  6:41  Assimilator  
  94  6:43  Assimilator  
  94  6:47  Robotics Facility, Stalker x3  
  98  6:58  Immortal  
  94  7:10  Shield Battery  
  94  7:12  Stalker x2, Sentry  
  94  7:13  Zealot, Shield Battery  
  94  7:14  Shield Battery  
  98  7:18  Gateway  
  98  7:21  Gateway  
  98  7:28  Shield Battery  
  92  7:39  Sentry x2  
  92  7:42  Photon Cannon  
  92  7:44  Stalker  
  100  7:50  Stalker  
Show
View Real Time Build Order
Export as new Build Order

soO Zerg - Winner!

Build Orders: Hatch First 

Get SALT Encoding   

  12  0:00  Drone  
  13  0:12  Overlord  
  13  0:17  Drone  
  14  0:30  Drone x2  
  16  0:48  Hatchery  
  15  0:52  Drone  
  15  0:55  Drone  
  17  0:59  Drone  
  18  1:09  Extractor  
  17  1:15  Spawning Pool  
  17  1:18  Drone  
  17  1:21  Drone  
  18  1:29  Drone  
  19  1:39  Drone  
  20  1:50  Drone  
  20  1:51  Hatchery  
  20  1:59  Drone  
  21  2:05  Queen  
  23  2:09  Drone  
  23  2:12  Drone  
  25  2:16  Drone  
  25  2:21  Overlord  
  26  2:30  Queen  
  26  2:34  Metabolic Boost  
  28  2:39  Drone  
  28  2:40  Zergling x2  
  28  2:42  Drone  
  31  2:45  Drone  
  31  2:48  Drone  
  33  2:52  Queen  
  33  2:58  Overlord  
  35  3:01  Zergling x2  
  35  3:05  Drone  
  37  3:09  Queen  
  37  3:12  Drone  
  40  3:15  Zergling x2  
  40  3:16  Drone  
  40  3:18  Drone x2  
  44  3:26  Drone  
  45  3:29  Overlord  
  45  3:31  Queen  
  45  3:33  Drone  
  48  3:37  Drone  
  48  3:38  Drone  
  48  3:39  Overlord  
  50  3:43  Overlord  
  50  3:46  Spore Crawler  
  49  3:52  Drone, Spore Crawler  
  49  3:53  Drone  
  50  3:58  Drone x4  
  50  4:01  Drone x2  
  56  4:03  Drone  
  56  4:08  Lair  
  56  4:09  Drone  
  58  4:10  Zergling x2  
  58  4:11  Drone  
  58  4:13  Drone  
  58  4:15  Drone  
  58  4:16  Drone  
  63  4:18  Extractor  
  63  4:20  Drone x2  
  63  4:21  Extractor  
  63  4:22  Drone  
  64  4:24  Drone  
  64  4:25  Drone  
  64  4:29  Drone  
  66  4:32  Overlord  
  66  4:33  Spore Crawler  
  66  4:34  Drone  
  66  4:37  Overlord  
  65  4:48  Drone x2  
  65  4:50  Drone x3  
  65  4:51  Drone x2  
  72  4:52  Drone x2  
  72  4:53  Drone  
  72  4:55  Drone x2  
  72  4:59  Drone  
  75  5:00  Drone  
  75  5:03  Zergling x2  
  75  5:06  Zergling x2  
  75  5:07  Extractor  
  76  5:09  Zergling x2  
  76  5:10  Hydralisk Den, Drone x2  
  76  5:12  Baneling Nest, Drone  
  78  5:15  Extractor  
  78  5:16  Zergling x4  
  79  5:22  Overlord  
  79  5:27  Zergling x2  
  79  5:28  Zergling x4  
  82  5:29  Overlord  
  82  5:33  Overlord  
  82  5:35  Overlord  
  82  5:38  Overlord  
  82  5:40  Grooved Spines  
  82  5:41  Hatchery  
  81  5:47  Hydralisk x3  
  82  5:51  Hydralisk x2  
  84  6:05  Hydralisk x5  
  84  6:10  Hydralisk x2  
  96  6:14  Hydralisk  
  96  6:15  Zergling x4  
  100  6:21  Zergling x4, Hydralisk  
  104  6:30  Hydralisk  
  104  6:31  Zergling x12  
  112  6:38  Zergling x10  
  106  7:03  Zergling x28  
  118  7:11  Baneling x5  
  118  7:14  Baneling x8  
  118  7:15  Baneling x2  
  118  7:17  Drone  
  118  7:18  Overlord  
  118  7:20  Overlord  
  119  7:23  Overlord  
  119  7:27  Overlord  
  114  7:39  Baneling x4  
  114  7:41  Zergling x10  
  114  7:42  Drone  
Tags
 
Add a new tag
Caveats
  • Supply blocks, unpowered buildings, or Contaminate may cause inaccurate times.
  • Supply counts are checked every 10 seconds.